 Dungeon Crawl Stone Soup version 0.29.1-12-g30fa7ad0bf (webtiles) character file.

Game seed: 9491567377269602774

2914 Ihaveafatcat the Covered (level 9, -3/79 HPs)
             Began as a Minotaur Fighter on Jan 12, 2023.
             Was an Initiate of Gozag.
             Succumbed to a hornet's poison
             ... on level 7 of the Dungeon.
             The game lasted 00:09:57 (9759 turns).

Ihaveafatcat the Covered (Minotaur Fighter)         Turns: 9759, Time: 00:09:58

Health: -3/79      AC: 15    Str: 25    XL:     9   Next: 50%
Magic:  8/8        EV:  7    Int:  5    God:    Gozag
Gold:   378        SH:  5    Dex: 10    Spells: 8/8 levels left

rFire   . . .      SeeInvis .   a - +1 war axe
rCold   . . .      Faith    .   c - +0 buckler
rNeg    . . .      Spirit   .   q - +0 plate armour
rPois   .          Reflect  .   (helmet restricted)
rElec   .          Harm     .   (no cloak)
rCorr   .          Rampage  .   (no gloves)
Will    .....                   n - +1 pair of boots
Stlth   ..........              (no amulet)
HPRegen 0.23/turn               d - +4 ring of slaying
MPRegen 0.11/turn               (no ring)

@: lethally poisoned (-3 -> -29), slowed, very slow
A: horns 2, retaliatory headbutt
a: Renounce Religion, Potion Petition, Call Merchant, Bribe Branch


You were on level 7 of the Dungeon.
You worshipped Gozag.
Gozag was aware of your devotion.
You visited 2 branches of the dungeon, and saw 8 of its levels.

You collected 776 gold pieces.
You paid 398 gold pieces to Gozag.

Inventory:

Hand Weapons
 a - a +1 war axe (weapon)
Missiles
 g - 12 boomerangs (quivered)
 j - 9 poisoned darts
Armour
 c - a +0 buckler (worn)
 n - a +1 pair of boots (worn)
 q - a +0 plate armour (worn)
Jewellery
 b - a ring of see invisible
 d - a +4 ring of slaying (left hand)
Wands
 x - a wand of flame (13)
Scrolls
 e - a scroll of blinking
 i - a scroll of immolation
 k - 2 scrolls of fear
 u - a scroll of enchant armour
Potions
 f - a potion of brilliance {unknown}
 h - 4 potions of haste
 m - a potion of berserk rage {unknown}
 o - 3 potions of attraction
 p - 2 potions of might
 t - 4 potions of flight
 v - a potion of ambrosia {unknown}
 w - a potion of lignification {unknown}


   Skills:
 + Level 7.5 Fighting
 + Level 6.8 Axes
 + Level 5.2 Throwing
 + Level 7.5 Armour
 + Level 7.2 Shields
 + Level 4.6 Evocations


You had 8 spell levels left.
You didn't know any spells.
Your spell library contained the following spells:

 Spells                   Type           Power      Damage    Failure   Level
 Foxfire                  Conj/Fire      0%         2x1d4     100%        1
 Magic Dart               Conj           0%         1d3       100%        1
 Call Imp                 Summ           0%         N/A       100%        2
 Static Discharge         Conj/Air       0%         3-3/arc   100%        2
 Conjure Flame            Conj/Fire      0%         6-21      100%        3
 Inner Flame              Hex/Fire       0%         N/A       100%        3
 Mephitic Cloud           Conj/Pois/Air  0%         N/A       100%        3
 Airstrike                Air            0%         2d(0-16)  100%        4
 Flame Wave               Conj/Fire      0%         2d4       100%        4
 Summon Lightning Spire   Summ/Air       0%         N/A       100%        4
 Borgnjor's Vile Clutch   Necr/Erth      0%         N/A       100%        5
 Fireball                 Conj/Fire      0%         3d3       100%        5
 Iskenderun's Battlesphe  Conj           0%         2d6       100%        5
 Lightning Bolt           Conj/Air       0%         1d11      100%        5
 Conjure Ball Lightning   Conj/Air       0%         3x3d6     100%        6
 Death Channel            Necr           0%         N/A       100%        6
 Orb of Destruction       Conj           0%         9d5       100%        7
 Maxwell's Capacitive Co  Air            0%         ∞         100%        8
 Animate Dead             Necr           Unusable   N/A       N/A         4

Dungeon Overview and Level Annotations

Branches:
Dungeon (7/15)             Temple (1/1) D:4

Altars:
Ashenzari
Cheibriados
Dithmenos
Elyvilon
Fedhas
Gozag
Hepliaklqana
Kikubaaqudgha
Makhleb
Nemelex Xobeh
Okawaru
Qazlal
Ru
Sif Muna
Trog
Uskayaw
Vehumet
Wu Jian
Xom
Yredelemnul
Zin
The Shining One

Shops:
D:4 ?


Innate Abilities, Weirdness & Mutations

You have a pair of horns on your head.
You reflexively headbutt those who attack you in melee.


Message History

The hornet stings you.
You are poisoned.
You feel as though you will be slow longer.
The orc warrior hits you with a +0 hand axe!
The orc is distracted by your dazzling golden aura.
Something hits you but does no damage. You block the hornet's attack.
Something hits you but does no damage.
The orc warrior hits you but does no damage.
The orc shouts!
You slice something!!
Reactivating autopickup.
You feel a bit more experienced.
You closely miss the hornet.
You hit the orc warrior but do no damage.
You feel very sick.
The hornet stings you but does no damage.
The hornet stings you.
* * * LOW HITPOINT WARNING * * *
You are lethally poisoned!
You feel as though you will be slow longer.
The orc warrior closely misses you. You furiously retaliate!
You headbutt the orc warrior, but do no damage.
The hornet stings you but does no damage.
You block the orc warrior's attack.
The iguana bites you but does no damage.
It was a potion of magic.
Magic courses through your body.
* * * LOW HITPOINT WARNING * * *
You feel very sick.
The hornet stings you but does no damage.
The orc warrior hits you but does no damage.
The hornet stings you!
* * * LOW HITPOINT WARNING * * *
You are more poisoned.
You feel as though you will be slow longer.
The iguana bites you.
* * * LOW HITPOINT WARNING * * *
Blink to where?
Press: ? - help, Q - select action, (/) - cycle Dir - move target
As you read the scroll of blinking, it crumbles to dust.
You die...
Your body crumbles into a pile of gold.

.###........###........#
###... ###...#....#
#........#.# ..# #
##.###..### #...........
## ###..###....#
#...........
............###.........##
..........#.##............
.......####...............
........##...#..........#
................@.<.....#
.......................#..
.....[.................#
?.....?#.............#.#
#####..##§########.......
#...ylo# #.......#
##..oo... ....... #
#.........# #.......
...........#


There were no monsters in sight!

Vanquished Creatures
  Prince Ribbit (D:7)
  Grinder (D:6)
  A shadow (D:7)
  A steam dragon (D:7)
  3 water moccasins
  An orc warrior (D:7)
  2 black bears
  An ice beast (D:7)
  3 ogres
  2 bullfrogs
  A scorpion (D:6)
  2 necrophages
  4 wights (D:7)
  A howler monkey (D:5)
  4 jellies
  2 hounds (D:5)
  4 orc priests (D:4)
  2 iguanas
  5 orc wizards
  8 adders
  6 gnolls
  A white imp (D:5)
  An ufetubus (D:6)
  A worm (D:2)
  3 dart slugs
  27 orcs
  10 ball pythons
  4 endoplasms
  4 giant cockroaches
  8 goblins
  5 hobgoblins
  7 jackals
  2 quokkas
  6 bats
  4 frilled lizards
  8 kobolds
  13 rats
159 creatures vanquished.

Vanquished Creatures (others)
  A wizard (D:5)
  4 plants (D:2)
5 creatures vanquished.

Grand Total: 164 creatures vanquished

Notes
Turn   | Place    | Note
-------+----------+-------------------------------------------
     0 | D:1      | Ihaveafatcat the Minotaur Fighter began the quest for the
                  | Orb.
     0 | D:1      | Reached XP level 1. HP: 19/19 MP: 0/0
   366 | D:1      | Reached XP level 2. HP: 27/27 MP: 1/1
  1200 | D:2      | Reached XP level 3. HP: 33/33 MP: 2/2
  1245 | D:2      | Reached skill level 1 in Throwing
  1582 | D:2      | Reached skill level 1 in Evocations
  1925 | D:2      | Found a faded altar of an unknown god.
  2009 | D:2      | Reached XP level 4. HP: 38/40 MP: 3/3
  2341 | D:3      | Found an ancient bone altar of Kikubaaqudgha.
  2547 | D:3      | Identified the +1 helmet of Potrox {Regen+ Str+3 Int+4
                  | Dex+4}
  2868 | D:4      | Reached XP level 5. HP: 44/47 MP: 4/4
  3237 | D:4      | Reached XP level 6. HP: 17/53 MP: 5/5
  3592 | D:4      | Found a burning altar of Makhleb.
  3598 | D:4      | Found a shadowy altar of Dithmenos.
  3716 | D:4      | Found Tubbobet's Magic Scroll Shoppe.
  3822 | D:4      | Found a staircase to the Ecumenical Temple.
  3877 | Temple   | Entered the Ecumenical Temple
  4023 | Temple   | Became a worshipper of Gozag Ym Sagoz the Greedy
  4378 | D:4      | Reached skill level 5 in Fighting
  5092 | D:5      | Entered Level 5 of the Dungeon
  5134 | D:5      | Reached skill level 5 in Armour
  5140 | D:5      | Reached XP level 7. HP: 33/61 MP: 6/6
  5599 | D:5      | Reached skill level 5 in Shields
  6455 | D:5      | Found a bloodstained altar of Trog.
  6458 | D:5      | Noticed a wizard
  6463 | D:5      | Killed a wizard
  6843 | D:6      | Reached skill level 5 in Axes
  6844 | D:6      | Reached XP level 8. HP: 63/70 MP: 7/7
  7916 | D:6      | Noticed Grinder
  7921 | D:6      | Found a snail-covered altar of Cheibriados.
  7921 | D:6      | Paralysed by Grinder for 2 turns
  7933 | D:6      | Killed Grinder
  8570 | D:7      | HP: 2/70 [wight/+0 mace (2)]
  9196 | D:7      | Reached XP level 9. HP: 73/79 MP: 8/8
  9250 | D:7      | Noticed Prince Ribbit
  9264 | D:7      | Killed Prince Ribbit
  9268 | D:7      | Reached skill level 5 in Throwing
  9753 | D:7      | Paralysed by a hornet for 2 turns
  9759 | D:7      | Succumbed to a hornet's poison

Illustrated notes

Levels and vault maps discovered:
D:1:      sevenhm_arrival_forest_fort_small_5, layout_basic,
          minmay_misc_feat_cross
D:2:      minmay_razor_zed, layout_basic, ebering_ecumenical_altar_webs,
          lexackson_kobold_supper
D:3:      layout_rooms, kiku_gazebo_pond_becter, serial_park_tiny_1,
          hangedman_decor_riveting
D:4:      layout_basic, mainiacjoe_overflow_catwalk_spiral, temple_doors_e,
          serial_shops, kennysheep_mini_moat
D:5:      layout_loops_corners, trog_wizard, st_stairs_11
D:6:      layout_loops_ring, kennysheep_slug_shrine, uniq_grinder
D:7:      layout_cave_pools, st_stairs_7, uniq_prince_ribbit1
Temple:   minmay_crystal_spiral_temple

Skill      XL: |  1  2  3  4  5  6  7  8  9 |
---------------+----------------------------+-----
Throwing       | 1 2 3 4 5 |  5.2
Armour         | 4 5 6 7 |  7.5
Fighting       | 4 5 6 7 |  7.5
Shields        | 4 5 6 7 |  7.2
Evocations     | 1 2 3 4 |  4.6
Axes           | 3 4 5 6 |  6.8

Action                   |  1- 3 |  4- 6 |  7- 9 || total
-------------------------+-------+-------+-------++-------
Melee: War axe           |   106 |   127 |   161 ||   394
       Headbutt          |    15 |    17 |    35 ||    67
Throw: Boomerang         |       |     1 |    10 ||    11
Invok: Potion Petition   |       |       |     1 ||     1
  Use: Scroll            |       |    10 |     7 ||    17
       Potion            |       |     2 |     3 ||     5
Armor: Scale mail        |    61 |    14 |       ||    75
       Chain mail        |       |    81 |    93 ||   174
       Plate armour      |       |       |    22 ||    22
Dodge: Dodged            |    53 |    61 |    69 ||   183
Block: Buckler           |    19 |    34 |    42 ||    95
